TOP OF THE 1ST |
Portland Cards batting - Pitching for Chicago Machine : RHP Zózimo Pascoal
|
Pitching: RHP Zózimo Pascoal
|
|
Batting: LHB John Cotton
|
0-0: Ball 1-0: Ground out 3-1 (Groundball, 3L)
|
Batting: LHB Tom Blake
|
0-0: Ball 1-0: Ball 2-0: Called Strike 2-1: Ball 3-1: SINGLE (Line Drive, 4MD)
|
Batting: LHB Jeff Daniels
|
0-0: Foul Ball, location: 2F 0-1: Foul Ball, location: 2F 0-2: Grounds into double play, 4-6-3 (Groundball, 4)
|
Top of the 1st over - 0 run(s), 1 hit(s), 0 error(s), 0 left on base; Portland 0 - Chicago 0 |
BOTTOM OF THE 1ST |
Chicago Machine batting - Pitching for Portland Cards : RHP Manuel Fuentes
|
Pitching: RHP Manuel Fuentes
|
|
Batting: RHB Pablo Sandoval
|
0-0: Called Strike 0-1: Ball 1-1: Foul Ball, location: 2F 1-2: Ball 2-2: Strikes out looking
|
Batting: LHB Bob Smith
|
0-0: Foul Ball, location: 2F 0-1: Swinging Strike 0-2: DOUBLE (Line Drive, 7LS)
|
Batting: RHB Edward Young
|
0-0: Fly out, F6 (Popup, 6)
|
Batting: SHB Edward Bartlett
|
0-0: Called Strike 0-1: Ball 1-1: DOUBLE (Flyball, 78D) Bob Smith scores
|
Batting: RHB Doug Stephens
|
0-0: Ground out 5-3 (Groundball, 56)
|
Bottom of the 1st over - 1 run(s), 2 hit(s), 0 error(s), 1 left on base; Portland 0 - Chicago 1 |
TOP OF THE 2ND |
Portland Cards batting - Pitching for Chicago Machine : RHP Zózimo Pascoal
|
Batting: LHB Paul Mullins
|
0-0: Called Strike 0-1: Ball 1-1: Called Strike 1-2: Foul Ball, location: 2F 1-2: Foul Ball, location: 2F 1-2: Ball 2-2: Ground out 4-3 (Groundball, 34)
|
Batting: LHB Donovan Bird
|
0-0: Ball 1-0: Ball 2-0: Called Strike 2-1: Fly out, F9 (Line Drive, 9M)
|
Batting: RHB Aaron Scott
|
0-0: Foul Ball, location: 2F 0-1: Ball 1-1: Ball 2-1: Foul Ball, location: 2F 2-2: Ball 3-2: Base on Balls
|
Batting: LHB Vicente Bueno
|
0-0: Ball 1-0: Ball 2-0: Called Strike 2-1: Foul Ball, location: 2F 2-2: Ball 3-2: Foul Ball, location: 2F 3-2: Base on Balls Aaron Scott to second
|
Batting: RHB Germán Rosales
|
0-0: Ball 1-0: Called Strike 1-1: Called Strike 1-2: Ball 2-2: SINGLE (Groundball, 3S) Aaron Scott to third Vicente Bueno to second Runner from 3rd tries for Home, SAFE, no throw or cutoff
|
Batting: RHB Dani Vázquez
|
0-0: Ball 1-0: Ball 2-0: Called Strike 2-1: Foul Ball, location: 2F 2-2: Foul Ball, location: 2F 2-2: SINGLE (Groundball, 4MD) Vicente Bueno to third Germán Rosales to second Runner from 3rd tries for Home, SAFE, no throw or cutoff
|
Batting: LHB John Cotton
|
0-0: Called Strike 0-1: Ball 1-1: Fly out, F9 (Flyball, 9S)
|
Top of the 2nd over - 2 run(s), 2 hit(s), 0 error(s), 2 left on base; Portland 2 - Chicago 1 |
BOTTOM OF THE 2ND |
Chicago Machine batting - Pitching for Portland Cards : RHP Manuel Fuentes
|
Batting: RHB Derek Ramsey
|
0-0: Called Strike 0-1: Swinging Strike 0-2: Strikes out swinging
|
Batting: RHB Lorenzo Guzmán
|
0-0: Ball 1-0: Ground out 3-1 (Groundball, 34)
|
Batting: SHB Joaquín López
|
0-0: Ground out 4-3 (Groundball, 4)
|
Bottom of the 2nd over - 0 run(s), 0 hit(s), 0 error(s), 0 left on base; Portland 2 - Chicago 1 |
TOP OF THE 3RD |
Portland Cards batting - Pitching for Chicago Machine : RHP Zózimo Pascoal
|
Batting: LHB Tom Blake
|
0-0: Called Strike 0-1: Swinging Strike 0-2: Strikes out looking
|
Batting: LHB Jeff Daniels
|
0-0: Ball 1-0: Called Strike 1-1: Ball 2-1: Ball 3-1: DOUBLE (Line Drive, 89XD)
|
Batting: LHB Paul Mullins
|
0-0: Called Strike 0-1: SINGLE (Line Drive, 56D) Jeff Daniels to third Runner from 3rd tries for Home, SAFE, throw made home
|
Batting: LHB Donovan Bird
|
0-0: Ball 1-0: SINGLE (Flyball, 8LS) Paul Mullins to second
|
Batting: RHB Aaron Scott
|
0-0: Foul Ball, location: 2F 0-1: Ball 1-1: Ball 2-1: Foul Ball, location: 2F 2-2: Ball 3-2: Base on Balls Paul Mullins to third Donovan Bird to second
|
Batting: LHB Vicente Bueno
|
0-0: Fly out, F4 (Popup, 4D)
|
Batting: RHB Germán Rosales
|
0-0: Foul Ball, location: 2F 0-1: Ball 1-1: Called Strike 1-2: SINGLE (Groundball, 56D) Paul Mullins scores Donovan Bird to third Aaron Scott to second Runner from 3rd tries for Home, SAFE, no throw or cutoff
|
Batting: RHB Dani Vázquez
|
0-0: Ball 1-0: Ball 2-0: Ball 3-0: Called Strike 3-1: Base on Balls Aaron Scott to third Germán Rosales to second
|
Batting: LHB John Cotton
|
0-0: Ball 1-0: Fly out, F9 (Line Drive, 9D)
|
Top of the 3rd over - 3 run(s), 4 hit(s), 0 error(s), 3 left on base; Portland 5 - Chicago 1 |
BOTTOM OF THE 3RD |
Chicago Machine batting - Pitching for Portland Cards : RHP Manuel Fuentes
|
Batting: RHB Roberto Cardona
|
0-0: Ball 1-0: Ball 2-0: Ball 3-0: Swinging Strike 3-1: Called Strike 3-2: Foul Ball, location: 2F 3-2: Foul Ball, location: 2F 3-2: Foul Ball, location: 2F 3-2: Strikes out looking
|
Batting: RHB Pablo Sandoval
|
0-0: Called Strike 0-1: Ball 1-1: Ball 2-1: Foul Ball, location: 2F 2-2: SINGLE (Groundball, 34D) (infield hit)
|
Batting: LHB Bob Smith
|
0-0: Fly out, F8 (Flyball, 8RXD)
|
Batting: RHB Edward Young
|
Single, Error in OF, E7, batter to second base Pablo Sandoval to third
|
Batting: SHB Edward Bartlett
|
0-0: Ground out 1-3 (Groundball, 13)
|
Bottom of the 3rd over - 0 run(s), 2 hit(s), 1 error(s), 2 left on base; Portland 5 - Chicago 1 |
TOP OF THE 4TH |
Portland Cards batting - Pitching for Chicago Machine : RHP Zózimo Pascoal
|
Batting: LHB Tom Blake
|
0-0: Called Strike 0-1: Ball 1-1: Swinging Strike 1-2: Ball 2-2: Strikes out swinging
|
Batting: LHB Jeff Daniels
|
0-0: Called Strike 0-1: Called Strike 0-2: Ball 1-2: Ball 2-2: Fly out, F7 (Line Drive, 78M)
|
Batting: LHB Paul Mullins
|
0-0: Ball 1-0: Called Strike 1-1: Ball 2-1: Foul Ball, location: 2F 2-2: Foul Ball, location: 2F 2-2: Ball 3-2: Strikes out swinging
|
Top of the 4th over - 0 run(s), 0 hit(s), 0 error(s), 0 left on base; Portland 5 - Chicago 1 |
BOTTOM OF THE 4TH |
Chicago Machine batting - Pitching for Portland Cards : RHP Manuel Fuentes
|
Batting: RHB Doug Stephens
|
0-0: Hit by Pitch
|
Batting: RHB Derek Ramsey
|
0-0: Called Strike 0-1: Ball 1-1: Ball 2-1: Foul Ball, location: 2F 2-2: Fly out, F6 (Popup, 56D)
|
Batting: RHB Lorenzo Guzmán
|
0-0: Ball 1-0: SINGLE (Line Drive, 4MD) Doug Stephens to second
|
Batting: SHB Joaquín López
|
0-0: Ball 1-0: Grounds into double play, 6-4-3 (Groundball, 6M)
|
Bottom of the 4th over - 0 run(s), 1 hit(s), 0 error(s), 1 left on base; Portland 5 - Chicago 1 |
TOP OF THE 5TH |
Portland Cards batting - Pitching for Chicago Machine : RHP Zózimo Pascoal
|
Pitching: RHP Howard Joyce
|
|
Batting: LHB Donovan Bird
|
0-0: Called Strike 0-1: Foul Ball, location: 2F 0-2: SINGLE (Groundball, 4M)
|
Batting: RHB Aaron Scott
|
0-0: Ball 1-0: Ball 2-0: Ball 3-0: Called Strike 3-1: Base on Balls Donovan Bird to second
|
Batting: LHB Vicente Bueno
|
0-0: Ball 1-0: Swinging Strike 1-1: Ball 2-1: Swinging Strike 2-2: Ball 3-2: Strikes out looking
|
Batting: RHB Germán Rosales
|
0-0: Ball 1-0: Called Strike 1-1: Grounds into double play, 4-6-3 (Groundball, 4)
|
Top of the 5th over - 0 run(s), 1 hit(s), 0 error(s), 1 left on base; Portland 5 - Chicago 1 |
BOTTOM OF THE 5TH |
Chicago Machine batting - Pitching for Portland Cards : RHP Manuel Fuentes
|
Batting: RHB Roberto Cardona
|
0-0: Ball 1-0: Called Strike 1-1: Ball 2-1: Ground out 5-3 (Groundball, 5L)
|
Batting: RHB Pablo Sandoval
|
0-0: Ball 1-0: Foul Ball, location: 2F 1-1: SINGLE (Line Drive, 4D)
|
Batting: LHB Bob Smith
|
0-0: Ball 1-0: Called Strike 1-1: Swinging Strike 1-2: Foul Ball, location: 2F 1-2: Ball 2-2: Ball Balk! Pablo Sandoval to second 3-2: Ground out U3 (Groundball, 3) Pablo Sandoval to third
|
Batting: RHB Edward Young
|
0-0: Called Strike 0-1: Foul Ball, location: 2F 0-2: Ball 1-2: Ball 2-2: Ground out 6-3 (Groundball, 6)
|
Bottom of the 5th over - 0 run(s), 1 hit(s), 0 error(s), 1 left on base; Portland 5 - Chicago 1 |
TOP OF THE 6TH |
Portland Cards batting - Pitching for Chicago Machine : RHP Howard Joyce
|
Batting: RHB Dani Vázquez
|
0-0: Called Strike 0-1: Ball 1-1: Called Strike 1-2: Fly out, F4 (Line Drive, 4)
|
Batting: LHB John Cotton
|
0-0: Ball 1-0: SINGLE (Line Drive, 56)
|
Batting: LHB Tom Blake
|
0-0: Called Strike 0-1: Ball 1-1: SINGLE (Line Drive, 4M) John Cotton to second
|
Batting: LHB Jeff Daniels
|
0-0: Ball 1-0: Called Strike 1-1: SINGLE (Groundball, 56D) John Cotton to third Tom Blake to second Runner from 3rd tries for Home, SAFE, no throw or cutoff
|
Batting: LHB Paul Mullins
|
0-0: Ball 1-0: Ball 2-0: Swinging Strike 2-1: Grounds into double play, U4-3 (Groundball, 4)
|
Top of the 6th over - 1 run(s), 3 hit(s), 0 error(s), 1 left on base; Portland 6 - Chicago 1 |
BOTTOM OF THE 6TH |
Chicago Machine batting - Pitching for Portland Cards : RHP Manuel Fuentes
|
Batting: SHB Edward Bartlett
|
0-0: SINGLE (Line Drive, 9S)
|
Batting: RHB Doug Stephens
|
0-0: Foul Ball, location: 2F 0-1: Ball 1-1: Ball 2-1: Fly out, F7 (Flyball, 78XD)
|
Batting: RHB Derek Ramsey
|
0-0: Ball 1-0: Fly out, F5 (Line Drive, 5) 1-0: Lined into DP, 5-3 (Line Drive, 5)
|
Bottom of the 6th over - 0 run(s), 1 hit(s), 0 error(s), 0 left on base; Portland 6 - Chicago 1 |
TOP OF THE 7TH |
Portland Cards batting - Pitching for Chicago Machine : RHP Howard Joyce
|
Pitching: LHP John Lane
|
|
Batting: LHB Donovan Bird
|
0-0: SINGLE (Line Drive, 4MD)
|
Batting: RHB Aaron Scott
|
0-0: Bunted foul 0-1: Ball 1-1: Sac Bunt - play at first, batter OUT! 1-4 Donovan Bird to second
|
Batting: LHB Vicente Bueno
|
0-0: Ball 1-0: Ball 2-0: Called Strike 2-1: Foul Ball, location: 2F 2-2: SINGLE (Line Drive, 56D) Donovan Bird to third Runner from 3rd tries for Home, SAFE, throw made home Vicente Bueno to second
|
Now in LF: Eric Wheeler
|
|
Batting: RHB Germán Rosales
|
0-0: Fly out, F9 (Flyball, 89M)
|
Batting: RHB Dani Vázquez
|
0-0: Ball 1-0: Ground out U3 (Groundball, 3)
|
Top of the 7th over - 1 run(s), 2 hit(s), 0 error(s), 1 left on base; Portland 7 - Chicago 1 |
BOTTOM OF THE 7TH |
Chicago Machine batting - Pitching for Portland Cards : RHP Manuel Fuentes
|
Batting: LHB Eric Wheeler
|
0-0: SINGLE (Groundball, 4M)
|
Batting: SHB Joaquín López
|
0-0: SINGLE (Line Drive, 6D) Eric Wheeler to second
|
Batting: RHB Roberto Cardona
|
0-0: Fly out, F9 (Flyball, 9M)
|
Batting: RHB Pablo Sandoval
|
0-0: Ball 1-0: Swinging Strike 1-1: Fly out, F5 (Line Drive, 5)
|
Batting: LHB Bob Smith
|
0-0: 3-RUN HOME RUN (Flyball, 9D), Distance : 409 ft
|
Batting: RHB Edward Young
|
0-0: Swinging Strike 0-1: Called Strike 0-2: Fly out, F7 (Line Drive, 7S)
|
Bottom of the 7th over - 3 run(s), 3 hit(s), 0 error(s), 0 left on base; Portland 7 - Chicago 4 |
TOP OF THE 8TH |
Portland Cards batting - Pitching for Chicago Machine : LHP John Lane
|
Batting: LHB John Cotton
|
0-0: Ball 1-0: Ball 2-0: SINGLE (Line Drive, 8LS)
|
Batting: LHB Tom Blake
|
0-0: Bunted foul 0-1: Ball 1-1: Ball 2-1: Ball 3-1: Sac Bunt - play at first, batter OUT! 2-4 John Cotton to second
|
Batting: LHB Jeff Daniels
|
0-0: Intentional Walk
|
Batting: LHB Paul Mullins
|
0-0: Ground out 1-3 (Groundball, 34S) John Cotton to third Jeff Daniels to second
|
Batting: LHB Donovan Bird
|
0-0: Ball 1-0: Ball 2-0: Fly out, F8 (Flyball, 8LXD)
|
Top of the 8th over - 0 run(s), 1 hit(s), 0 error(s), 2 left on base; Portland 7 - Chicago 4 |
BOTTOM OF THE 8TH |
Chicago Machine batting - Pitching for Portland Cards : RHP Manuel Fuentes
|
Batting: SHB Edward Bartlett
|
0-0: Ball 1-0: Ball 2-0: Ball 3-0: Called Strike 3-1: Foul Ball, location: 2F 3-2: DOUBLE (Line Drive, 78M)
|
Batting: RHB Doug Stephens
|
0-0: Called Strike 0-1: Swinging Strike 0-2: Ball 1-2: Ball 2-2: Fly out, F7 (Line Drive, 7M)
|
Batting: RHB Derek Ramsey
|
0-0: DOUBLE (Line Drive, 89XD) Edward Bartlett scores
|
Batting: LHB Eric Wheeler
|
0-0: Ball 1-0: Ball 2-0: Foul Ball, location: 2F 2-1: Foul Ball, location: 2F 2-2: Ball 3-2: Fly out, F6 (Popup, 6MD)
|
Batting: SHB Joaquín López
|
0-0: Ball 1-0: Called Strike 1-1: Swinging Strike 1-2: Foul Ball, location: 2F 1-2: Foul Ball, location: 2F 1-2: Foul Ball, location: 2F 1-2: Ball 2-2: Foul Ball, location: 2F 2-2: Strikes out swinging
|
Bottom of the 8th over - 1 run(s), 2 hit(s), 0 error(s), 1 left on base; Portland 7 - Chicago 5 |
TOP OF THE 9TH |
Portland Cards batting - Pitching for Chicago Machine : LHP John Lane
|
Batting: RHB Aaron Scott
|
0-0: Foul Ball, location: 2F 0-1: Called Strike 0-2: Ball 1-2: Ball 2-2: Ground out 4-3 (Groundball, 4)
|
Batting: LHB Vicente Bueno
|
0-0: Ball 1-0: Foul Ball, location: 2F 1-1: Ground out 4-3 (Groundball, 34)
|
Batting: RHB Germán Rosales
|
0-0: Ball 1-0: Ball 2-0: Swinging Strike 2-1: SINGLE (Groundball, 4M)
|
Pitching: RHP Clint Tancock
|
|
Batting: RHB Dani Vázquez
|
0-0: Ball 1-0: Ball 2-0: Called Strike 2-1: Ball 3-1: Base on Balls Germán Rosales to second
|
Pinch Hitting: RHB Dexter Potter
|
0-0: Called Strike 0-1: Ground out 4-3 (Groundball, 4)
|
Top of the 9th over - 0 run(s), 1 hit(s), 0 error(s), 2 left on base; Portland 7 - Chicago 5 |
BOTTOM OF THE 9TH |
Chicago Machine batting - Pitching for Portland Cards : RHP Manuel Fuentes
|
Pitching: RHP Steve Griffin
|
|
Now at 2B: Bartolo Quiñones
|
|
Batting: RHB Roberto Cardona
|
0-0: Called Strike 0-1: Ball 1-1: Foul Ball, location: 2F 1-2: Foul Ball, location: 2F 1-2: Ball 2-2: Foul Ball, location: 2F 2-2: Foul Ball, location: 2F 2-2: Foul Ball, location: 2F 2-2: Fly out, F6 (Popup, 56)
|
Batting: RHB Pablo Sandoval
|
0-0: Called Strike 0-1: Foul Ball, location: 2F 0-2: Strikes out swinging
|
Batting: LHB Bob Smith
|
0-0: Called Strike 0-1: Ball 1-1: Ball 2-1: Foul Ball, location: 2F 2-2: Foul Ball, location: 2F 2-2: Foul Ball, location: 2F 2-2: Ball 3-2: Base on Balls
|
Batting: RHB Edward Young
|
0-0: Called Strike 0-1: Ball 1-1: Ball 2-1: Ground out 5-3 (Groundball, 56)
|
Bottom of the 9th over - 0 run(s), 0 hit(s), 0 error(s), 1 left on base; Portland 7 - Chicago 5 |
|